 Dungeon Crawl Stone Soup version 0.15.2 (webtiles) character file.

1479 Jard the Covert (level 8, -1/37 HPs)
             Began as a Spriggan Enchanter on Jan 4, 2015.
             Was a Follower of Ashenzari.
             Slain by Blork the orc
             ... wielding a +0 glaive
              (10 damage)
             ... on Level 6 of the Dungeon.
             The game lasted 00:29:48 (5935 turns).

Jard the Covert (Spriggan Enchanter)                Turns: 5935, Time: 00:29:48

HP  -1/37        AC  5     Str  4      XL: 8   Next: 50%
MP  19/23        EV 19     Int 16      God: Ashenzari [*.....]
Gold 390         SH  0     Dex 24      Spells:  2 memorised, 12 levels left

rFire  . . .     SeeInvis +     n - +2 dagger (elec)
rCold  . . .     Clarity  +     b - +2 robe
rNeg   . . .     rCorr    .     (shield restricted)
rPois  .         rRot     .     (helmet restricted)
rElec  .         Spirit   .     g - +0 cloak
SustAb .         Warding  .     (gloves unavailable)
rMut   .         Stasis   .     (boots unavailable)
Gourm  .                        j - amulet of clarity
MR     +....                    i - +5 ring of dexterity
                                e - ring of stealth

@: very quick, somewhat resistant to hostile enchantments, extremely stealthy
A: unfitting armour, see invisible, herbivore 3, speed 3, slow metabolism 2
a: Renounce Religion


You were on level 6 of the Dungeon.
You worshipped Ashenzari.
Ashenzari was aware of your devotion.
You were not hungry.

You visited 2 branches of the dungeon, and saw 7 of its levels.
You also visited: Ossuary.

You collected 390 gold pieces.

Inventory:

Hand weapons
 n - a +2 dagger of electrocution (weapon)
 r - a +0 blowgun
 v - the +3 trident of Fotowev {pierce, Dex+1}
   (You found it on level 5 of the Dungeon)

   It inflicts extra damage upon your enemies.
   It affects your dexterity (+1).
Armour
 b - a +2 robe (worn)
 g - a +0 cloak (worn)
Magical devices
 l - a wand of fireball (6)
Comestibles
 a - a slice of pizza
 d - 4 bread rations
 f - 4 fruits
 B - 2 royal jellies
Scrolls
 m - 2 scrolls of teleportation
 p - 3 scrolls of identify
 q - a scroll of magic mapping
 t - a scroll of immolation
 w - 2 scrolls of fog
 C - a scroll of enchant armour
Jewellery
 e - a ring of stealth (left hand)
 i - a +5 ring of dexterity (right hand)
 j - an amulet of clarity (around neck)
 u - an uncursed amulet of resist mutation
 y - an uncursed ring of wizardry
Potions
 h - a potion of lignification
 k - a potion of haste
 o - 3 potions of might
 x - a potion of porridge
 F - a potion of curing
 G - 2 potions of flight
Books
 c - a book of Maledictions

   Spells                             Type                      Level
   *Corona                            Hexes                        1
   Sure Blade                         Hexes/Charms                 2
   *Ensorcelled Hibernation           Hexes/Ice                    2
   Confuse                            Hexes                        3
   Dazzling Spray                     Conjuration/Hexes            3
   Enslavement                        Hexes                        4
 z - a book of Frost

   Spells                             Type                      Level
   Freeze                             Ice                          1
   Throw Frost                        Conjuration/Ice              2
   Ozocubu's Armour                   Charms/Ice                   3
   Throw Icicle                       Conjuration/Ice              4
   Summon Ice Beast                   Ice/Summoning                4
   Condensation Shield                Ice                          4


   Skills:
 - Level 0.4 Fighting
 * Level 4.7 Short Blades
 + Level 0.2 Throwing
 - Level 3.0 Dodging
 * Level 12.1 Stealth
 + Level 4.1 Spellcasting
 * Level 5.7 Hexes
 * Level 2.8 Ice Magic


You had 12 spell levels left.
You knew the following spells:

 Your Spells              Type           Power        Failure   Level  Hunger
a - Corona                Hex            ###....      1%          1    None
b - Ensorcelled Hibernat  Hex/Ice        ###...       6%          2    ##.....


Dungeon Overview and Level Annotations

Branches:
Dungeon (6/15)             Temple (1/1) D:4

Altars:
Ashenzari
Cheibriados
Elyvilon
Fedhas
Kikubaaqudgha
Makhleb
Nemelex Xobeh
Okawaru
Qazlal
Sif Muna
Trog
Vehumet
Xom
Yredelemnul
Zin
The Shining One

Annotations:
D:6 Blork the orc


Innate Abilities, Weirdness & Mutations

You are tiny and cannot use many weapons and most armour.
You have supernaturally acute eyesight.
You are a herbivore.
You cover ground extremely quickly.
You need consume almost no food.


Message History

Duvessa easily resists.
Blork the orc closely misses you. Duvessa hits you with a short sword!
Casting: Ensorcelled Hibernation
Confirm with . or Enter, or press ? or * to list all spells.
You don't know that spell.
Unknown command.
Casting: Ensorcelled Hibernation
Confirm with . or Enter, or press ? or * to list all spells.
Aiming: Ensorcelled Hibernation
Press: ? - help, Shift-Dir - straight line, f - Duvessa, p - Blork the orc
Aim: Duvessa, wielding a short sword and wearing a leather armour Duvessa looks drowsy...
Blork the orc hits you from afar with a glaive!
* * * LOW HITPOINT WARNING * * *
The helpless Duvessa fails to defend herself.
You carve Duvessa like a ham!!!!
You kill Duvessa!
You hear a distant wail of despair.
Blork the orc hits you from afar with a glaive!
You die...

...e# .#+
....# ...
....# #..
....# #..
##....# #..
#.(e..# #..
##(....#
#..####o.<...#
#...@#%......#
#....)o......#
##...........#
#######.....#
#.....# .....#
..... ..#


You could see Blork the orc.

Vanquished Creatures
  4 ogres
  A black bear (D:5)
  Duvessa (D:6)
  An elf zombie (Ossuary)
  2 scorpions (D:5)
  A hound (D:4)
  An orc priest (D:5)
  A centaur zombie (Ossuary)
  A crimson imp (D:5)
  3 human zombies (Ossuary)
  An iguana (D:4)
  5 orc wizards (D:5)
  A black bear zombie (D:5)
  Natasha (twice) (D:3)
  A big kobold zombie (Ossuary)
  Ijyb (D:4)
  A sky beast zombie (D:5)
  A hound zombie (Ossuary)
  4 mummies
  12 adders
  A giant mite (D:2)
  3 worms
  4 adder zombies (Ossuary)
  An orc zombie (D:5)
  A giant gecko (D:2)
  7 orcs
  3 ball pythons
  12 bats
  9 hobgoblins
  7 jackals
  19 kobolds
  2 quokkas (D:2)
  6 giant cockroaches
  6 giant newts
  2 gnoll zombies (Ossuary)
  15 goblins
  6 goblin zombies (Ossuary)
  4 hobgoblin zombies (Ossuary)
  2 jackal zombies (Ossuary)
  4 kobold zombies (Ossuary)
  A quokka skeleton (D:5)
  2 quokka zombies (Ossuary)
  11 rats
  A rat zombie (Ossuary)
174 creatures vanquished.

Notes
Turn   | Place    | Note
--------------------------------------------------------------
     0 | D:1      | Jard, the Spriggan Enchanter, began the quest for the Orb.
     0 | D:1      | Reached XP level 1. HP: 9/9 MP: 4/4
   284 | D:1      | Reached XP level 2. HP: 7/13 MP: 5/7
   467 | D:1      | Reached skill level 5 in Stealth
   807 | D:1      | Gained mutation: You are partially covered in slimy green scales (AC +2). [potion of beneficial mutation]
   874 | D:1      | Learned a level 2 spell: Ensorcelled Hibernation
  1140 | D:2      | Reached XP level 3. HP: 16/16 MP: 6/9
  1538 | D:2      | Reached XP level 4. HP: 19/21 MP: 9/12
  1590 | D:2      | Reached skill level 6 in Stealth
  2300 | D:2      | Found a glowing golden altar of the Shining One.
  2300 | D:2      | Found a bloodstained altar of Trog.
  2787 | D:3      | Reached XP level 5. HP: 25/25 MP: 16/16
  3094 | D:3      | Noticed Natasha
  3104 | D:3      | Killed Natasha
  3104 | D:3      | Reached skill level 1 in Ice Magic
  3262 | D:3      | Found a glowing silver altar of Zin.
  3508 | D:3      | Noticed Natasha
  3514 | D:3      | Killed Natasha
  3514 | D:3      | Reached skill level 7 in Stealth
  3953 | D:4      | Found a staircase to the Ecumenical Temple.
  3955 | D:4      | Noticed an ogre
  3960 | Temple   | Entered the Ecumenical Temple
  4053 | Temple   | Became a worshipper of Ashenzari the Shackled
  4077 | D:4      | Killed an ogre
  4077 | D:4      | Reached XP level 6. HP: 29/29 MP: 13/18
  4084 | D:4      | Noticed Ijyb
  4098 | D:4      | Killed Ijyb
  4160 | D:4      | Reached skill level 8 in Stealth
  4355 | D:4      | Found a stormy altar of Qazlal.
  4556 | D:5      | Entered Level 5 of the Dungeon
  4699 | D:5      | Reached skill level 9 in Stealth
  4699 | D:5      | Reached XP level 7. HP: 32/32 MP: 17/20
  4719 | D:5      | Got the trident of Fotowev {pierce, Dex+1}
  4720 | D:5      | Identified the +3 trident of Fotowev {pierce, Dex+1} (You found it on level 5 of the Dungeon)
  4752 | D:5      | Reached skill level 5 in Hexes
  4938 | D:5      | Reached skill level 10 in Stealth
  5091 | D:5      | Found a sand-covered staircase.
  5100 | Ossuary  | Entered an ossuary
  5476 | Ossuary  | Reached skill level 11 in Stealth
  5507 | Ossuary  | Reached XP level 8. HP: 35/37 MP: 22/22
  5627 | Ossuary  | Lost mutation: You are partially covered in slimy green scales (AC +2). [potion of cure mutation]
  5828 | D:5      | Reached skill level 12 in Stealth
  5915 | D:6      | Noticed Blork the orc
  5917 | D:6      | Noticed Duvessa
  5935 | D:6      | Killed Duvessa
  5935 | D:6      | Slain by Blork the orc

Action                   |  1- 3 |  4- 6 |  7- 9 || total
-------------------------+-------+-------+-------++-------
Melee: Dagger            |   165 |   149 |   183 ||   497
 Fire: Blowgun           |       |     7 |     2 ||     9
 Cast: Corona            |     3 |       |       ||     3
       Ensorcelled Hiber |    10 |    20 |     8 ||    38
Evoke: Wand              |       |     1 |       ||     1
  Use: Scroll            |     6 |     6 |     1 ||    13
       Potion            |     2 |     8 |     3 ||    13
 Stab: Sleeping          |    11 |    34 |    34 ||    79
       Distracted        |       |     1 |     1 ||     2
